 Dungeon Crawl Stone Soup version 0.30-a0-389-g8d7d949f56 (webtiles) character file.

Game seed: 6572579747149799155

23 PyroL the Grave Robber (level 2, -2/19 HPs)
             Began as a Demonspawn Necromancer on Dec 3, 2022.
             Killed from afar by Natasha (9 damage)
             ... with a magic dart
             ... on level 2 of the Dungeon.
             The game lasted 00:03:43 (1168 turns).

PyroL the Grave Robber (Demonspawn Necromancer)     Turns: 1168, Time: 00:03:44

Health: -2/19      AC: 10    Str:  8    XL:     2   Next: 75%
Magic:  1/5        EV: 12    Int: 16    God:
Gold:   49         SH:  0    Dex: 13    Spells: 5/6 levels left

rFire   . . .      SeeInvis .    d - +0 short sword (protect)
rCold   . . .      Faith    .    (no shield)
rNeg    . . .      Spirit   .    a - +0 robe
rPois   .          Reflect  .    (no helmet)
rElec   .          Harm     .    m - scarf {repulsion}
rCorr   +          Rampage  .    (no gloves)
Will    .....                    k - +0 pair of boots
Stlth   ++........               (no amulet)
HPRegen 0.23/turn                c - ring of resist corrosion
MPRegen 0.09/turn                (no ring)

@: under a protective aura, slowed, repel missiles, very slow
A: powered by death 1
a: no special abilities


You were on level 2 of the Dungeon.
You visited 1 branch of the dungeon, and saw 2 of its levels.

You collected 49 gold pieces.

Inventory:

Hand Weapons
 d - a +0 short sword of protection (weapon)
Armour
 a - a +0 robe (worn)
 k - a +0 pair of boots (worn)
 m - a scarf of repulsion (worn)
Jewellery
 c - a ring of resist corrosion (left hand)
Scrolls
 e - 3 scrolls of identify {unknown}
 h - a scroll of noise {unknown}
 i - a scroll of fear {unknown}
 n - a scroll of poison {unknown}
 o - 2 scrolls of amnesia {unknown}
 q - a scroll of enchant armour {unknown}
Potions
 b - a potion of magic
 f - a potion of lignification {unknown}
 g - 2 potions of heal wounds {unknown}
 j - a potion of curing {unknown}
 l - 2 potions of haste {unknown}
 p - a potion of invisibility {unknown}


   Skills:
 - Level 1.7 Dodging
 - Level 1.7 Stealth
 + Level 2.6 Spellcasting
 + Level 4.9 Necromancy


You had 5 spell levels left.
You knew the following spells:

 Your Spells              Type           Power      Damage    Failure   Level
a - Necrotise             Necr           68%        1d7       2%          1

Your spell library contained the following spells:

 Spells                   Type           Power      Damage    Failure   Level
 Vampiric Draining        Necr           17%        2d7       8%          3
 Animate Dead             Necr           17%        N/A       26%         4
 Agony                    Necr           17%        N/A       56%         5


Dungeon Overview and Level Annotations

Branches:
Dungeon (2/15)

Altars:

Annotations:
D:2 Natasha


Innate Abilities, Weirdness & Mutations

You regenerate a little health from kills.


Message History

Natasha writhes in agony.
You hear an angry hiss.
Natasha casts a spell at you. The magic dart hits you.
Natasha writhes in agony.
Natasha claws you.
* * * LOW HITPOINT WARNING * * *
You hit Natasha.
Your weapon exudes an aura of protection.
Natasha is heavily wounded.
A frilled lizard comes into view.
Natasha closely misses you.
Natasha struggles to resist.
Natasha closely misses you.
Natasha writhes in agony.
Natasha drinks a potion.
Natasha's spells are empowered!
Natasha struggles to resist.
Natasha claws you.
* * * LOW HITPOINT WARNING * * *
You are too injured to fight recklessly!
Casting: Necrotise (safe; 2% risk of failure)
Confirm with . or Enter, or press ? or * to list all spells.
Okay, then.
You hit Natasha.
Your weapon exudes an aura of protection.
Natasha is severely wounded.
Natasha closely misses you.
You hit Natasha.
Natasha is almost dead.
Natasha stares at you and mumbles some strange words.
You feel yourself slow down.
Sorry, you're not good enough to have a special ability.
You closely miss Natasha.
Natasha is almost dead.
Natasha stares at you and mumbles some strange words.
The magic dart hits you.
* * * LOW HITPOINT WARNING * * *
Sorry, you're not good enough to have a special ability.
You hit Natasha but do no damage.
Natasha is almost dead.
Natasha casts a spell at you. The magic dart hits you!
You die...

#.#####
#.....#
#####.#######
#.......#
#######.# #.#
#.# #.# #@#
#.hl.# ######


You could see Natasha (empowered) and a frilled lizard.

Vanquished Creatures
  A dart slug (D:1)
  2 endoplasms (D:1)
  5 kobolds (D:1)
  3 quokkas
  2 ball pythons (D:1)
  3 bats (D:1)
  3 frilled lizards
  A goblin (D:2)
  3 rats (D:1)
23 creatures vanquished.

Notes
Turn   | Place    | Note
-------+----------+-------------------------------------------
     0 | D:1      | PyroL the Demonspawn Necromancer began the quest for the
                  | Orb.
     0 | D:1      | Reached XP level 1. HP: 13/13 MP: 3/3
   254 | D:1      | Found a faded altar of an unknown god.
   263 | D:1      | Gained mutation: You regenerate a little health from kills.
                  | [demonic ancestry]
   263 | D:1      | Reached XP level 2. HP: 15/19 MP: 0/5
  1158 | D:2      | Noticed Natasha
  1168 | D:2      | Killed from afar by Natasha

Illustrated notes

Levels and vault maps discovered:
D:1:      tarquinn_simple_flora_water_d, layout_loops_cross,
          chequers_ecumenical_altar_twisty, minmay_fountain_box
D:2:      layout_basic, serial_shops, shop, grunt_decor_cap, uniq_natasha

Action                   || total
-------------------------++-------
Melee: Short sword       ||     9
 Cast: Necrotise         ||    41
Armor: Robe              ||     1
Dodge: Dodged            ||    11

Table legend: (Time is in decaauts)
 A = Elapsed time spent in this place.
 B = Non-inter-level travel time spent in this place.
 C = Inter-level travel time spent in this place.
 D = Time resting spent in this place.
 E = Time spent auto-exploring this place.
 F = Levels seen in this place.
 G = Mean time per level.
                   A        B        C        D        E       F      G
               +--------+--------+--------+--------+--------+-----+--------+
         Total |   1166 |   1158 |      8 |      0 |   1001 |   2 |  583.0 |
       Dungeon |   1166 |   1158 |      8 |      0 |   1001 |   2 |  583.0 |
               +--------+--------+--------+--------+--------+-----+--------+

Top non-repeatable levels by time:
     D:1: 1064 daAuts
     D:2: 102 daAuts
